 Dungeon Crawl Stone Soup version 0.31-a0-188-g5e087ee2ca (webtiles) character file.

Game seed: 10110577120416156898

8929 qw the Skirmisher (level 11, -2/68 HPs)
             Began as a Deep Elf Hunter on June 23, 2023.
             Was a Priest of Okawaru.
             Slain by a two-headed ogre
             ... wielding a +0 giant club
              (8 damage)
             ... on level 11 of the Dungeon.
             The game lasted 00:03:02 (7726 turns).

qw the Skirmisher (Deep Elf Hunter)                 Turns: 7726, Time: 00:03:03

Health: -2/68      AC: 21    Str: 10    XL:     11   Next: 16%
Magic:  14/16      EV: 16    Int: 15    God:    Okawaru [***...]
Gold:   856        SH:  5    Dex: 20    Spells: 10/10 levels left

rFire   . . .        d - +7 shortbow of a Hundred Thickets {freeze, rElec SInv}
rCold   + . .        (shield currently unavailable)
rNeg    . . .        A - +2 scale mail {rC+}
rPois   +            n - +0 helmet
rElec   +            o - +2 cloak
rCorr   .            a - +2 pair of gloves of Death Resistance {Dex+2}
SInv    +            p - +1 pair of boots
Will    +....        i - amulet of reflection
Stlth   ++           t - ring of poison resistance
HPRegen 0.31/turn    c - +4 ring of slaying {mikee}
MPRegen 0.15/turn

%: reflection
@: heroic
A: sense surroundings 1, weak 1
a: Renounce Religion, Heroism


You were on level 11 of the Dungeon.
You worshipped Okawaru.
Okawaru was most pleased with you.
You visited 2 branches of the dungeon, and saw 12 of its levels.

You collected 940 gold pieces.
You spent 84 gold pieces at shops.


Innate Abilities, Weirdness & Mutations

You passively map a small area around you.
You are weak. (Str -2)


   Skills:
 - Level 8.0(13.0) Fighting
 - Level 14.1(19.1) Ranged Weapons
 + Level 5.6(10.6) Armour
 - Level 9.1(14.1) Dodging
 - Level 1.2(6.2) Stealth
 - Level 4.0 Invocations


You had 10 spell levels left.
You didn't know any spells.
Your spell library was empty.

Inventory:

Hand Weapons
 d - the +7 shortbow of a Hundred Thickets (weapon) {freeze, rElec SInv}
   (You acquired it on level 2 of the Dungeon)

   rElec:     It insulates you from electricity.
   SInv:      It lets you see invisible.
 k - a +0 orcbow
Armour
 a - the +2 pair of gloves of Death Resistance (worn) {Dex+2}
   (You acquired it on level 1 of the Dungeon)

   Dex:       It affects your dexterity (+2).
 n - a +0 helmet (worn)
 o - a +2 cloak (worn)
 p - a +1 pair of boots (worn)
 y - a +0 troll leather armour
 A - a +2 scale mail of cold resistance (worn)
Jewellery
 c - a +4 ring of slaying (right hand) {mikee}
 g - a +2 ring of evasion
 i - an amulet of reflection (around neck)
 t - a ring of poison resistance (left hand)
Scrolls
 b - a scroll of identify
 w - a scroll of enchant weapon
Potions
 h - 4 potions of curing
 j - a potion of might
 l - a potion of resistance
 m - 2 potions of mutation
 r - a potion of degeneration {unknown}
 s - 2 potions of magic
 u - a potion of enlightenment {unknown}
 x - a potion of lignification {unknown}

Dungeon Overview and Level Annotations

Branches:
Dungeon (11/15)            Temple (1/1) D:4             Orc (0/2) D:9
   Lair: D:8-11

Altars:
Ashenzari
Cheibriados
Dithmenos
Elyvilon
Fedhas
Gozag
Hepliaklqana
Kikubaaqudgha
Makhleb
Nemelex Xobeh
Okawaru
Qazlal
Ru
Sif Muna
Trog
Uskayaw
Vehumet
Wu Jian
Xom
Yredelemnul
Zin
The Shining One

Shops:
D:2 =   D:4 *   D:6 (

Annotations:
D:7 2 transporters, qw's ghost, novice MiHu
D:8 2 transporters


Message History

You kill the orc!
The orc's corpse dissolves into shadows!
You shoot an arrow. The arrow hits the acid dragon!
The arrow freezes the acid dragon.
The acid dragon is heavily wounded.
The acid dragon completely misses you. You block the acid dragon's attack.
You shoot an arrow. The arrow hits the acid dragon!
The arrow freezes the acid dragon.
The acid dragon is almost dead.
The acid dragon barely misses you. The acid dragon misses you.
You shoot an arrow. The arrow hits the acid dragon.
The arrow freezes the acid dragon.
You kill the acid dragon!
The acid dragon's corpse dissolves into shadows!
A wraith comes into view.
The orc priest closely misses you.
You shoot an arrow. The arrow hits the yak!
The arrow freezes the yak!
The yak is heavily wounded.
You block the yak's attack.
The orc priest miscasts a cantrip.
You shoot an arrow. The arrow hits the yak!
The arrow freezes the yak.
The yak is severely wounded.
The yak gores you but does no damage.
An ice beast comes into view.
The orc priest hits you but does no damage.
You shoot an arrow. The arrow barely misses the yak.
You block the yak's attack.
The orc priest calls down the wrath of Beogh upon you.
You resist with significant effort.
You shoot an arrow. The arrow hits the yak!
The arrow freezes the yak.
You kill the yak!
Okawaru accepts your kill.
You feel like a meek peon again.
An ice beast comes into view.
A gargoyle comes into view. It is wielding a +0 mace.
The orc priest looks satisfied for a moment.
7726 ||| INVOKING Heroism.
You gain the combat prowess of a mighty hero.
The two-headed ogre hits you with a +0 giant club!
You die...

* , , , #.. * ,*
* * #.# #.# . ,
###.# , .. #....
,... #.#o#, ....
, #.#.# ....[,
#.#@#.....8 ,
###.#.O.o....
#..<..#...... ,
*#...#.#W#......
, , ,,#.# #...#
..... * #. 9#.Y.
..... , ..#.Y##
#### * , ,
......# .##.....
*


You could see a two-headed ogre, a wraith, a gargoyle, 2 ice beasts and 2 orc
priests.

Vanquished Creatures
  A two-headed ogre (D:10)
  Lodul (D:10)
  A komodo dragon (D:10)
  A troll (D:9)
  4 wyverns
  4 yaks
  4 slime creatures (D:10)
  A steam dragon (D:9)
  A warg (D:9)
  Edmund (D:6)
  3 water moccasins
  An acid dragon (D:10)
  6 orc warriors
  3 black bears
  2 sky beasts
  3 ice beasts
  4 centaurs
  11 ogres
  A phantom (D:6)
  2 kobold brigands
  3 scorpions
  A gnoll sergeant (D:6)
  8 wights (D:8)
  2 electric eels (D:10)
  4 howler monkeys
  2 jellies
  A gnoll bouda (D:5)
  5 orc priests
  A hound (D:6)
  2 iguanas
  11 orc wizards
  20 gnolls
  5 adders
  2 ufetubi
  4 worms
  41 orcs
  7 ball pythons
  5 bats
  7 endoplasms
  2 giant cockroaches (D:2)
  9 goblins
  12 hobgoblins
  5 jackals
  13 kobolds
  6 frilled lizards
  6 rats
239 creatures vanquished.

Notes
Turn   | Place    | Note
-------+----------+-------------------------------------------
     0 | D:1      | qw the Deep Elf Hunter began the quest for the Orb.
     0 | D:1      | Reached XP level 1. HP: 12/12 MP: 3/3
     0 | D:1      | 0 ||| qw: Version: 0.3-a-9-g12657ce
     0 | D:1      | 0 ||| qw: Game counter: 3634
     0 | D:1      | 0 ||| qw: Always use a shield: true
     0 | D:1      | 0 ||| qw: God list: Okawaru
     0 | D:1      | 0 ||| qw: Allow faded altars: false
     0 | D:1      | 0 ||| qw: Do Orc after D:15 true
     0 | D:1      | 0 ||| qw: Do second Lair branch before Depths: true
     0 | D:1      | 0 ||| qw: Lair rune preference: random
     0 | D:1      | 0 ||| qw: Plans: Normal
     0 | D:1      | 0 ||| PLANNING D:1-11
   287 | D:1      | Found a faded altar of an unknown god.
   400 | D:1      | Reached XP level 2. HP: 16/16 MP: 4/4
   449 | D:1      | Reached skill level 6 in Ranged Weapons
   889 | D:1      | 889 ||| UPGRADING to +0 scale mail.
   899 | D:1      | 899 ||| DROPPING +0 leather armour.
   900 | D:1      | 900 ||| UPGRADING to amulet of reflection.
   905 | D:1      | 905 ||| READING scroll labelled PAIGGU GOMYIGA.
   906 | D:1      | 906 ||| READING scroll labelled QORUPP ENNIUGGOBUA.
   906 | D:1      | Identified a scroll of acquirement
   906 | D:1      | 906 ||| ACQUIRING +2 pair of gloves of Death Resistance
                  | {Dex+2}
   906 | D:1      | Acquired the +2 pair of gloves of Death Resistance {Dex+2}
   908 | D:1      | 908 ||| UPGRADING to +2 pair of gloves of Death Resistance
                  | {Dex+2}.
   913 | D:1      | 913 ||| READING scroll labelled GOGHEA EHOQIPE.
   914 | D:1      | 914 ||| READING 3 scrolls labelled QUEM NYUTIPASE.
   915 | D:1      | 915 ||| DRINKING 2 white potions.
   916 | D:1      | 916 ||| DROPPING scroll of butterflies.
   917 | D:1      | 917 ||| DROPPING potion of invisibility.
  1033 | D:2      | 1033 ||| READING scroll of acquirement.
  1033 | D:2      | 1033 ||| ACQUIRING +7 shortbow of a Hundred Thickets
                  | {freeze, rElec SInv}
  1033 | D:2      | Acquired the +7 shortbow of a Hundred Thickets {freeze,
                  | rElec SInv}
  1035 | D:2      | 1035 ||| SWAPPING to +7 shortbow of a Hundred Thickets
                  | {freeze, rElec SInv}.
  1036 | D:2      | 1036 ||| DROPPING +0 shortbow.
  1053 | D:2      | Found Kefaipra's One-of-a-Kind Rings.
  1059 | D:2      | 1059 ||| BUYING +2 ring of evasion (84 gold).
  1059 | D:2      | Bought a +2 ring of evasion for 84 gold pieces
  1059 | D:2      | 1059 ||| SHOPLISTING +2 ring of protection (140 gold, have
                  | 47).
  1059 | D:2      | 1059 ||| SHOPLISTING +4 ring of dexterity (210 gold, have
                  | 47).
  1059 | D:2      | 1059 ||| SHOPLISTING +6 ring of evasion (630 gold, have
                  | 47).
  1059 | D:2      | 1059 ||| SHOPLISTING +7 ring of protection (1449 gold, have
                  | 47).
  1059 | D:2      | 1059 ||| SHOPLISTING ring of Vehuab {rC+ Int+3 SInv} (595
                  | gold, have 47).
  1059 | D:2      | 1059 ||| SHOPLISTING ring of the Median {Str+3 Dex+6} (690
                  | gold, have 47).
  1104 | D:2      | Reached XP level 3. HP: 20/20 MP: 5/5
  1265 | D:2      | Reached skill level 7 in Ranged Weapons
  1558 | D:2      | 1558 ||| UPGRADING to +0 ring mail.
  1568 | D:2      | 1568 ||| DROPPING +0 scale mail.
  1569 | D:2      | 1569 ||| UPGRADING to +0 cloak.
  1574 | D:2      | 1574 ||| READING 3 scrolls of enchant armour.
  1574 | D:2      | 1574 ||| ENCHANTING +0 cloak.
  1575 | D:2      | 1575 ||| READING 2 scrolls of enchant armour.
  1575 | D:2      | 1575 ||| ENCHANTING +1 cloak.
  1576 | D:2      | 1576 ||| READING scroll of enchant armour.
  1576 | D:2      | 1576 ||| ENCHANTING +0 ring mail.
  1577 | D:2      | 1577 ||| UPGRADING to +2 ring of evasion.
  1578 | D:2      | 1578 ||| READING scroll labelled RUOTIM JYIDISK.
  1579 | D:2      | 1579 ||| DRINKING 2 yellow potions.
  1580 | D:2      | 1580 ||| DRINKING 2 pink potions.
  1580 | D:2      | Gained mutation: You are weak. (Str -2) [potion of
                  | mutation]
  1580 | D:2      | Gained mutation: You passively map a small area around you.
                  | [potion of mutation]
  1602 | D:3      | Reached XP level 4. HP: 25/25 MP: 6/6
  1615 | D:3      | Found a blossoming altar of Fedhas.
  1639 | D:3      | Found a shadowy altar of Dithmenos.
  1656 | D:3      | Reached skill level 8 in Ranged Weapons
  1672 | D:3      | Reached XP level 5. HP: 29/29 MP: 7/7
  1686 | D:3      | Reached skill level 9 in Ranged Weapons
  1830 | D:3      | Identified the +6 spear "Kisos" {flame, +Blink rElec rC+
                  | Stlth+}
  1837 | D:3      | Found a glowing golden altar of the Shining One.
  1837 | D:3      | Found a white marble altar of Elyvilon.
  1838 | D:3      | Found a glowing silver altar of Zin.
  1920 | D:3      | 1920 ||| READING scroll labelled TACWON DIPLAU.
  1949 | D:4      | 1949 ||| PLANNING TEMPLE
  1953 | D:4      | Found Ilekkeegg's Serpentskin Sales.
  1954 | D:4      | Noticed a water moccasin
  1958 | D:4      | Killed a water moccasin
  1959 | D:4      | Reached XP level 6. HP: 35/35 MP: 8/8
  1965 | D:4      | Reached skill level 3 in Dodging
  1968 | D:4      | 1968 ||| SHOPLISTING +2 leather armour of poison resistance
                  | (208 gold, have 113).
  1968 | D:4      | 1968 ||| SHOPLISTING ring of poison resistance (260 gold,
                  | have 113).
  1983 | D:4      | Reached XP level 7. HP: 40/40 MP: 9/9
  2054 | D:4      | Reached skill level 10 in Ranged Weapons
  2137 | D:4      | Found a staircase to the Ecumenical Temple.
  2138 | D:4      | 2138 ||| DROPPING +2 pair of gloves.
  2139 | D:4      | 2139 ||| UPGRADING to ring of willpower.
  2140 | D:4      | 2140 ||| READING 2 scrolls of identify.
  2140 | D:4      | 2140 ||| IDENTIFYING cyan potion
  2141 | D:4      | 2141 ||| DROPPING potion of attraction.
  2147 | Temple   | Entered the Ecumenical Temple
  2219 | Temple   | 2219 ||| PLANNING D:1-11
  2508 | D:4      | 2508 ||| DROPPING amulet of magic regeneration.
  2509 | D:4      | 2509 ||| READING 2 scrolls labelled QIATEIM QUAV.
  2510 | D:4      | 2510 ||| DROPPING scroll of vulnerability.
  2529 | D:5      | Entered Level 5 of the Dungeon
  2542 | D:5      | Reached skill level 11 in Ranged Weapons
  2768 | D:5      | Reached skill level 12 in Ranged Weapons
  2768 | D:5      | Reached XP level 8. HP: 44/44 MP: 10/10
  2852 | D:5      | 2852 ||| Stepping ~*~*~tactically~*~*~ (outnumbered).
  2934 | D:5      | Reached skill level 3 in Fighting
  3044 | D:5      | 3044 ||| UPGRADING to +1 pair of boots.
  3049 | D:5      | 3049 ||| UPGRADING to +4 ring of slaying {mikee}.
  3051 | D:5      | 3051 ||| READING scroll labelled WYHUXE RUETA.
  3052 | D:5      | 3052 ||| READING scroll labelled RUSONI YRIELA.
  3053 | D:5      | 3053 ||| DRINKING 2 bubbling dark potions.
  3054 | D:5      | 3054 ||| READING 3 scrolls of identify.
  3054 | D:5      | 3054 ||| IDENTIFYING fuming ruby potion
  3055 | D:5      | 3055 ||| READING 2 scrolls of identify.
  3055 | D:5      | 3055 ||| IDENTIFYING amethyst potion
  3056 | D:5      | 3056 ||| DROPPING potion of magic.
  3121 | D:6      | Found an iron altar of Okawaru.
  3121 | D:6      | Noticed Edmund
  3122 | D:6      | 3122 ||| PLANNING OKAWARU WORSHIP
  3125 | D:6      | Killed Edmund
  3126 | D:6      | Reached skill level 13 in Ranged Weapons
  3131 | D:6      | Became a worshipper of Warmaster Okawaru
  3132 | D:6      | 3132 ||| PLANNING D:1-11
  3317 | D:6      | Reached skill level 14 in Ranged Weapons
  3520 | D:6      | Reached XP level 9. HP: 41/50 MP: 11/11
  3520 | D:6      | 3520 ||| FLEEEEING.
  3521 | D:6      | 3521 ||| FLEEEEING.
  3522 | D:6      | 3522 ||| FLEEEEING.
  3526 | D:6      | 3526 ||| FLEEEEING.
  3527 | D:6      | 3527 ||| FLEEEEING.
  3528 | D:6      | 3528 ||| FLEEEEING.
  3529 | D:6      | 3529 ||| FLEEEEING.
  3530 | D:6      | 3530 ||| FLEEEEING.
  3531 | D:6      | 3531 ||| FLEEEEING.
  3532 | D:6      | 3532 ||| FLEEEEING.
  3533 | D:6      | 3533 ||| FLEEEEING.
  3634 | D:6      | Reached * piety under Okawaru
  3647 | D:6      | Found Fonwim's Weapon Shoppe.
  3923 | D:6      | Reached skill level 1 in Invocations
  3972 | D:6      | 3972 ||| UPGRADING to +0 helmet.
  3977 | D:6      | 3977 ||| DROPPING ring of resist corrosion.
  3978 | D:6      | 3978 ||| READING scroll labelled FUIPAN SEIT.
  4017 | D:7      | Found a transporter.
  4023 | D:7      | Noticed qw's ghost (novice MiHu)
  4023 | D:7      | Noticed a moth of wrath
  4113 | D:7      | Reached skill level 3 in Invocations
  4138 | D:7      | Identified the +10 falchion of Execution {freeze, rPois
                  | Will- Dex+2}
  4428 | D:7      | Found a transporter.
  4556 | D:7      | 4556 ||| UPGRADING to ring of poison resistance.
  4558 | D:7      | 4558 ||| UPGRADING to +4 ring of slaying {mikee}.
  4560 | D:7      | 4560 ||| DROPPING ring of willpower.
  4597 | D:8      | 4597 ||| INVOKING Heroism.
  4603 | D:8      | 4603 ||| Stepping ~*~*~tactically~*~*~ (outnumbered).
  4607 | D:8      | Reached skill level 6 in Dodging
  4618 | D:8      | 4618 ||| INVOKING Heroism.
  4853 | D:8      | Reached ** piety under Okawaru
  5007 | D:8      | Found a transporter.
  5007 | D:8      | Found a transporter.
  5009 | D:8      | Identified the ring "Xocoll" {rN+++ Int-4 Dex+6}
  5016 | D:8      | Identified the +2 spear "Xiomof" {venom, *Noise rElec rF+
                  | Str+4}
  5016 | D:8      | Identified the +0 buckler of the Blessed Realm {rN+ Dex+2}
  5057 | D:8      | Reached skill level 3 in Armour
  5072 | D:8      | 5072 ||| INVOKING Heroism.
  5135 | D:8      | Reached XP level 10. HP: 54/59 MP: 15/15
  5400 | D:8      | 5400 ||| READING scroll labelled YLOSEGRASCHE.
  5441 | D:9      | 5441 ||| INVOKING Heroism.
  5653 | D:9      | 5653 ||| INVOKING Heroism.
  5660 | D:9      | Reached skill level 6 in Fighting
  5682 | D:9      | 5682 ||| INVOKING Heroism.
  5684 | D:9      | 5684 ||| Stepping ~*~*~tactically~*~*~ (cloud).
  5690 | D:9      | 5690 ||| Stepping ~*~*~tactically~*~*~ (cloud).
  5709 | D:9      | 5709 ||| FLEEEEING.
  5710 | D:9      | 5710 ||| FLEEEEING.
  5712 | D:9      | 5712 ||| FLEEEEING.
  5713 | D:9      | 5713 ||| FLEEEEING.
  5746 | D:9      | Found a staircase to the Orcish Mines.
  5785 | D:9      | 5785 ||| INVOKING Heroism.
  5795 | D:9      | Reached skill level 9 in Dodging
  6020 | D:9      | Found a sacrificial altar of Ru.
  6134 | D:9      | 6134 ||| UPGRADING to +0 troll leather armour.
  6144 | D:9      | 6144 ||| DROPPING +1 ring mail.
  6145 | D:9      | 6145 ||| UPGRADING to +2 scale mail of cold resistance.
  6155 | D:9      | 6155 ||| READING scroll labelled ZISECSIDERGH.
  6256 | D:9      | 6256 ||| DRINKING 2 puce potions.
  6257 | D:9      | 6257 ||| DRINKING 4 potions of curing.
  6257 | D:9      | 6257 ||| (to cure confusion)
  6258 | D:9      | 6258 ||| DRINKING 2 metallic ruby potions.
  6259 | D:9      | 6259 ||| DROPPING potion of ambrosia.
  6260 | D:9      | 6260 ||| DROPPING potion of brilliance.
  6285 | D:10     | Entered Level 10 of the Dungeon
  6369 | D:10     | 6369 ||| INVOKING Heroism.
  6504 | D:10     | Found a burning altar of Makhleb.
  6561 | D:10     | Noticed Lodul
  6562 | D:10     | 6562 ||| INVOKING Heroism.
  6574 | D:10     | Killed Lodul
  6581 | D:10     | HP: 15/63 [orc/+0 dagger (2)]
  6581 | D:10     | HP: 6/63 [ogre/+0 giant club[Lodul] (9)]
  6582 | D:10     | 6582 ||| READING scroll of teleportation.
  6583 | D:10     | 6583 ||| DRINKING potion of heal wounds.
  6629 | D:10     | 6629 ||| INVOKING Heroism.
  6752 | D:10     | Found a flagged portal.
  6762 | D:10     | Reached *** piety under Okawaru
  6772 | D:10     | 6772 ||| INVOKING Heroism.
  6910 | D:10     | Received a gift from Okawaru
  7023 | D:10     | 7023 ||| INVOKING Heroism.
  7043 | D:10     | 7043 ||| INVOKING Heroism.
  7061 | D:10     | Found a bloodstained altar of Trog.
  7061 | D:10     | Found a broken altar of Ashenzari.
  7443 | D:10     | Noticed a two-headed ogre
  7444 | D:10     | 7444 ||| INVOKING Heroism.
  7449 | D:10     | Killed a two-headed ogre
  7450 | D:10     | Reached XP level 11. HP: 61/68 MP: 13/16
  7653 | D:10     | 7653 ||| READING 2 scrolls labelled LASU DUURAAQ.
  7654 | D:10     | 7654 ||| READING 2 scrolls of identify.
  7654 | D:10     | 7654 ||| IDENTIFYING smoky inky potion
  7655 | D:10     | 7655 ||| DROPPING scroll of poison.
  7710 | D:11     | Noticed an orange crystal statue
  7710 | D:11     | Noticed a two-headed ogre
  7711 | D:11     | 7711 ||| INVOKING Heroism.
  7712 | D:11     | 7712 ||| Stepping ~*~*~tactically~*~*~ (outnumbered).
  7716 | D:11     | HP: 16/68 [acid dragon/splash of acid[an orange crystal
                  | statue] (17)]
  7717 | D:11     | HP: 3/68 [orc priest/divine providence[an orange crystal
                  | statue] (13)]
  7726 | D:11     | 7726 ||| INVOKING Heroism.
  7726 | D:11     | Slain by a two-headed ogre

Levels and vault maps discovered:
D:1:      dpeg_arrival_tiny_a, layout_loops_ring, serial_forest,
          infiniplex_forest_lined_2, infiniplex_forest_corner_1,
          infiniplex_forest_clump_tiny, infiniplex_forest_lined_room_3,
          infiniplex_forest_end_2, infiniplex_forest_clump_diagonal,
          infiniplex_forest_straight_3, infiniplex_forest_end_2,
          hellmonk_ecumenical_altar_lost_god
D:2:      layout_loops_cross, nicolae_shop_unique_rings
D:3:      layout_rooms, good_gods_temple_1, fedhas_ov_isle_minmay,
          overflow_temple_1_default, minmay_guardbox
D:4:      layout_rooms, minmay_temple_entry_fiery, amcnicky_mini_pool_small,
          guppyfry_shop_venom
D:5:      layout_rooms
D:6:      kennysheep_big_flooded_room, layout_basic, okawaru_gym_becter,
          serial_shops, shop, grunt_ministairs_2, uniq_edmund
D:7:      layout_loops_ring, gammafunk_ghost_berserking_beasts
D:8:      layout_basic, gammafunk_ghost_gnarly_gnolls
D:9:      layout_big_octagon, lemuel_coloured_pillars_altar, erik_orc_3,
          minmay_misc_feat_x, chequers_garden
D:10:     layout_stronghold, general_overflow_altar,
          nicolae_overflow_two_pavilions, enter_bailey_8, uniq_lodul
D:11:     layout_loops_ring, hellmonk_lair_entry_icy, serial_shops,
          nicolae_shop_trees, minivault_16
Temple:   nicolae_temple_hex_pool

Skill      XL: |  1  2  3  4  5  6  7  8  9 10 11 |
---------------+----------------------------------+-----
Ranged Weapons | 6 7 8 9 12 14 | 14.1
Fighting       | 2 3 5 7 8 |  8.0
Armour         | 2 3 5 |  5.6
Dodging        | 3 4 7 9 |  9.1
Invocations    | 4 |  4.0
Stealth        | |  1.2

Action                     |  1- 3 |  4- 6 |  7- 9 | 10-12 || total
---------------------------+-------+-------+-------+-------++-------
   Fire: Shortbow          |    72 |    67 |   232 |   188 ||   559
 Invoke: Heroism           |       |       |     3 |    13 ||    16
    Use: Scroll            |     9 |     1 |     7 |     5 ||    22
         Potion            |     3 |       |     1 |     4 ||     8
 Armour: Scale mail        |    17 |       |       |    22 ||    39
         Ring mail         |       |     6 |    15 |     2 ||    23
  Dodge: Dodged            |    11 |     7 |    33 |    66 ||   117
  Block: Other             |     6 |     1 |    12 |    16 ||    35
         Reflection        |     1 |       |     2 |       ||     3

Table legend:
 A = Non-vault XP
 B = Vault XP
 C = Vault XP percentage of total XP
 D = Non-vault monster count
 E = Vault monster count
 F = Vault count percentage of total count
                 A         B        C        D         E       F
            +---------+---------+-------+---------+---------+-------
      Total |    9525 |    3232 |  25.3 |     194 |      45 |  18.8
            +---------+---------+-------+---------+---------+-------
        D:1 |      22 |       0 |   0.0 |      12 |       0 |   0.0
        D:2 |      53 |       0 |   0.0 |      23 |       0 |   0.0
        D:3 |     164 |      94 |  36.4 |      21 |      12 |  36.4
        D:4 |     562 |     172 |  23.4 |      14 |       3 |  17.6
        D:5 |     840 |       0 |   0.0 |      23 |       0 |   0.0
        D:6 |     994 |     548 |  35.5 |      17 |       5 |  22.7
        D:7 |     429 |       0 |   0.0 |      15 |       0 |   0.0
        D:8 |    1653 |       0 |   0.0 |      31 |       0 |   0.0
        D:9 |    1324 |     567 |  30.0 |      10 |      15 |  60.0
       D:10 |    2887 |    1592 |  35.5 |      25 |       8 |  24.2
       D:11 |     597 |     259 |  30.3 |       3 |       2 |  40.0
            +---------+---------+-------+---------+---------+-------
